 Dungeon Crawl Stone Soup version 0.31-a0-1612-g4aaf141004 (webtiles) character file.

Game seed: 17030640470194014772

158 zenocrate the Sneak (level 5, -1/24 HPs)
             Began as a Vine Stalker Enchanter on Jan 9, 2024.
             Shot with a sling bullet by a goblin (5 damage)
             ... led by Robin
             ... on level 3 of the Dungeon.
             The game lasted 00:02:17 (1901 turns).

zenocrate the Sneak (Vine Stalker Enchanter)        Turns: 1901, Time: 00:02:17

Health: -1/24      AC:  2    Str: 11    XL:     5   Next: 39%
Magic:  0/9        EV: 12    Int: 15    God:
Gold:   56         SH:  0    Dex: 16    Spells: 3/8 levels left

rFire   . . .        a - +1 dagger (drain)
rCold   . . .        (no shield)
rNeg    . . .        d - +0 robe
rPois   .            (no helmet)
rElec   .            (no cloak)
rCorr   .            (no gloves)
SInv    .            (no boots)
Will    .....        (no amulet)
Stlth   +++          (no ring)
HPRegen 1.04/turn    (no ring)
MPRegen 0.11/turn

%: guardian spirit
@: no status effects
A: fangs 2, regeneration 1, magic shield, antimagic bite, no potion heal 2
a: no special abilities


You were on level 3 of the Dungeon.
You visited 1 branch of the dungeon, and saw 3 of its levels.

You collected 56 gold pieces.

Inventory:

Hand Weapons
 a - a +1 dagger of draining (weapon)
 b - a +0 rapier
 e - a +1 dagger
Missiles
 l - 3 javelins (quivered)
Armour
 d - a +0 robe (worn)
Scrolls
 f - a scroll of fog {unknown}
 g - a scroll of vulnerability {unknown}
 h - 2 scrolls of enchant armour {unknown}
 i - a scroll of amnesia {unknown}
 j - a scroll of immolation {unknown}
 k - a scroll of identify {unknown}
 o - a scroll of summoning {unknown}
Potions
 c - 3 potions of invisibility
 m - a potion of haste {unknown}
 n - 2 potions of heal wounds {unknown}
 p - 2 potions of mutation {unknown}


   Skills:
 + Level 2.2 Short Blades
 - Level 0.1 Armour
 - Level 1.5 Dodging
 + Level 4.7 Stealth
 - Level 2.1 Spellcasting
 * Level 4.3 Hexes
 + Level 1.6 Ice Magic


You had 3 spell levels left.
You knew the following spells:

 Your Spells              Type           Power      Damage    Failure   Level
a - Ensorcelled Hibernat  Hex/Ice        20%        N/A       10%         2
b - Confusing Touch       Hex            14%        N/A       11%         3

Your spell library contained the following spells:

 Spells                   Type           Power      Damage    Failure   Level
 Tukima's Dance           Hex            14%        N/A       11%         3
 Dazzling Flash           Conj/Hex       16%        N/A       26%         3
 Static Discharge         Conj/Air       2%         3-4/arc   32%         2
 Airstrike                Air            0%         2d(1-17)  91%         4
 Summon Lightning Spire   Summ/Air       1%         N/A       91%         4


Dungeon Overview and Level Annotations

Branches:
Dungeon (3/15)

Altars:
Xom

Shops:
D:1 [

Annotations:
D:3 Robin


Innate Abilities, Weirdness & Mutations

You have extremely sharp teeth.
Your natural rate of healing is unusually fast.
When hurt, damage is shared between your health and your magic reserves.
Your bite disrupts and absorbs the magic of your enemies.
Potions cannot restore your health.


Message History

You barely miss the goblin. The goblin hits you with a +0 club.
Robin throws the goblin at you!
You miss the goblin. You bite the goblin.
You kill the goblin!
The goblin barely misses you.
The goblin shoots a sling bullet.
The sling bullet barely misses you.
The sling bullet closely misses the goblin.
You hit the goblin. Your bite misses the goblin.
The goblin is heavily wounded.
The goblin misses you. Robin throws the goblin at you!
The goblin unwields a +0 sling.
The goblin wields a +0 club.
The goblin hits you with a +0 club.
You completely miss the goblin. Your bite misses the goblin.
The goblin is moderately wounded.
A goblin comes into view. It is wielding a +0 whip.
The goblin hits you with a +0 club. Robin throws the goblin at you!
Unknown command.
You are too injured to fight recklessly!
A hobgoblin comes into view. It is wielding a +0 club.
The goblin hits you with a +0 dagger.
Unknown command.
The goblin attacks as it pursues you! The goblin barely misses you.
The goblin closely misses you. The goblin barely misses you.
Robin throws the goblin at you!
Unknown command.
The goblin hits you with a +0 club. The goblin attacks as it pursues you!
The goblin misses you. Robin throws the goblin at you!
* * * LOW HITPOINT WARNING * * *
Unknown command.
You hit the goblin. You drain the goblin.
You kill the goblin!
The goblin hits you with a +0 club.
* * * LOW HITPOINT WARNING * * *
The goblin hits you with a +0 club.
* * * LOW HITPOINT WARNING * * *
Unknown command.
Unknown command.
The goblin unwields a +0 club.
The goblin wields a +0 sling.
The goblin shoots a sling bullet.
The sling bullet hits you.
You die...

#...#..♣♣~~~~~PP≈≈≈≈
#...#...♣P♣~~~~≈≈≈≈≈
.....?..~~~~~~~~≈≈≈≈
#####...♣~~~♣~P~≈≈≈≈
######.)......P♣PP~PP~~≈≈
....gg....####.♣~~~~~~~~~
######.ggg# #.#.♣~~♣♣♣~~
#....# #.#...♣..♣♣~
###@## #.#........♣ #[#
#.#.#...##.. ######.#
#.#......### .....#.#
#.#<##...... .......#
#..........#
.......#######.###.#...
.....................##
.......#######.#.#####
......))..........#####


You could see Robin, a hobgoblin (strong) and 3 goblins.

Vanquished Creatures
  An orc wizard (D:3)
  9 adders
  A ribbon worm (D:2)
  3 orcs (D:3)
  8 ball pythons
  2 bats
  3 endoplasms
  A giant cockroach (D:1)
  5 goblins
  4 hobgoblins
  A quokka (D:2)
  2 frilled lizards
  8 kobolds
  A rat (D:1)
49 creatures vanquished.

Notes
Turn   | Place    | Note
-------+----------+-------------------------------------------
     0 | D:1      | zenocrate the Vine Stalker Enchanter began the quest for
                  | the Orb.
     0 | D:1      | Reached XP level 1. HP: 9/9 MP: 4/4
    30 | D:1      | Reached skill level 1 in Short Blades
    81 | D:1      | Reached XP level 2. HP: 13/13 MP: 6/6
   121 | D:1      | Learned a level 2 spell: Ensorcelled Hibernation
   249 | D:1      | Found Vunehir's Antique Armour Shoppe.
   831 | D:2      | Reached XP level 3. HP: 8/16 MP: 1/7
  1162 | D:2      | Reached skill level 1 in Ice Magic
  1162 | D:2      | Reached XP level 4. HP: 21/21 MP: 8/8
  1166 | D:2      | Learned a level 3 spell: Confusing Touch
  1736 | D:3      | Found a shimmering altar of Xom.
  1743 | D:3      | Reached XP level 5. HP: 22/24 MP: 6/9
  1889 | D:3      | Noticed Robin
  1901 | D:3      | Shot with a sling bullet by a goblin

Illustrated notes

Levels and vault maps discovered:
D:1:      sevenhm_arrival_forest_fort_small_3, layout_basic, serial_shops, shop,
          serial_corexii_hall, corexii_hall_statues_x, corexii_hall_statues_u,
          chequers_hall_statues_corner_a, chequers_hall_statues_wall_a
D:2:      layout_loops_ring, minmay_snake_closets
D:3:      layout_basic, mainiacjoe_overflow_paths, xom_teletrap_fun,
          serial_bayou_lake_a, uniq_ijyb, uniq_robin

Skill      XL: |  1  2  3  4 |
---------------+-------------+-----
Short Blades   | 1 2 |  2.2
Stealth        | 4 |  4.7
Ice Magic      | 1 |  1.6
Hexes          | 4 |  4.3
Armour         | |  0.1
Dodging        | |  1.5
Spellcasting   | |  2.1

Action                     |  1- 3 |  4- 6 || total
---------------------------+-------+-------++-------
  Melee: Rapier            |    18 |       ||    18
         Bite              |     8 |     7 ||    15
         Dagger            |    40 |    49 ||    89
         Punch             |     2 |       ||     2
   Cast: Ensorcelled Hiber |     3 |     6 ||     9
   Stab: Sleeping          |    11 |     9 ||    20
 Armour: Robe              |    19 |    34 ||    53
  Dodge: Dodged            |    27 |    24 ||    51

Table legend: (Time is in decaauts)
 A = Elapsed time spent in this place.
 B = Non-inter-level travel time spent in this place.
 C = Inter-level travel time spent in this place.
 D = Time resting spent in this place.
 E = Time spent auto-exploring this place.
 F = Levels seen in this place.
 G = Mean time per level.
                   A        B        C        D        E       F      G
               +--------+--------+--------+--------+--------+-----+--------+
         Total |   1899 |   1845 |     54 |      0 |   1480 |   3 |  633.0 |
       Dungeon |   1899 |   1845 |     54 |      0 |   1480 |   3 |  633.0 |
               +--------+--------+--------+--------+--------+-----+--------+

Top non-repeatable levels by time:
     D:2: 920 daAuts
     D:1: 757 daAuts
     D:3: 221 daAuts
